 Dungeon Crawl Stone Soup version 0.19-a0-1097-g38e3b35 (webtiles) character file.

3 Fenrir042 the Insei (level 1, -4/13 HPs)
             Began as an Octopode Transmuter on Aug 8, 2016.
             Killed from afar by a dart slug (6 damage)
             ... with a slug dart
             ... on level 1 of the Dungeon.
             The game lasted 00:00:38 (145 turns).

Fenrir042 the Insei (Octopode Transmuter)            Turns: 145, Time: 00:00:39

Health: -4/13      AC:  1    Str:  9    XL:     1   Next: 50%
Magic:  2/3        EV: 13    Int: 15    God:
Gold:   20         SH:  0    Dex: 12    Spells: 1 memorised, 3 levels left

rFire  . . .     SeeInvis .       - Unarmed
rCold  . . .     Gourm    .     (no shield)
rNeg   . . .     Faith    .     (helmet restricted)
rPois  .         Spirit   .     (no amulet)
rElec  .         Dismiss  .     (no ring)
rCorr  .         Reflect  .     (no ring)
SustAt .         Harm     .     (no ring)
MR     .....                    (no ring)
Stlth  ++........               (no ring)
                                (no ring)
                                (no ring)
                                (no ring)

@: appendage
A: almost no armour, amphibious, 8 rings, constrict 8, tentacle spike 3,
camouflage 1, gelatinous body 1
a: End Transformation


You were on level 1 of the Dungeon.
You were not hungry.
One of your tentacles had a temporary spike.
You visited 1 branch of the dungeon, and saw 1 of its levels.

You collected 20 gold pieces.

Inventory:

Missiles
 a - 34 arrows
Scrolls
 g - a scroll of identify {unknown}
Potions
 e - a potion of might {unknown}
 f - a potion of degeneration {unknown}
Books
 b - a book of Changes

   Spells                             Type                      Level
   a - Beastly Appendage              Transmutation                1
   b - Sticks to Snakes               Transmutation                2
   c - Spider Form                    Transmutation/Poison         3
   d - Ice Form                       Ice/Transmutation            4
   e - Blade Hands                    Transmutation                5
Comestibles
 c - 2 bread rations
 d - 2 beef jerkies


   Skills:
 + Level 1.0 Fighting
 + Level 2.0 Dodging
 + Level 3.0 Unarmed Combat
 + Level 2.1 Spellcasting
 * Level 2.2 Transmutations


You had 3 spell levels left.
You knew the following spells:

 Your Spells              Type           Power        Failure   Level  Hunger
a - Beastly Appendage     Tmut           #.....       12%         1    #......


Dungeon Overview and Level Annotations

Branches:
Dungeon (1/15)

Altars:


Innate Abilities, Weirdness & Mutations

You cannot wear most types of armour.
You are amphibious.
You can wear up to eight rings at the same time.
You can use your tentacles to constrict eight enemies at once.
Your skin changes colour to match your surroundings (Stealth+).
Your rubbery body absorbs attacks. (AC +1, EV +1)
One of your tentacles bears a large vicious spike.


Message History

The dart slug launches a dart at you. The slug dart misses you.
You tentacle-slap the ooze. Your squeeze misses the ooze.
The ooze is moderately wounded.
The kobold shouts!
The kobold throws a stone.
The stone hits you but does no damage. The ooze barely misses you.
An ooze comes into view.
You barely miss the ooze. You tentacle-slap the ooze.
The ooze is heavily wounded.
The ooze moves out of view.
The kobold throws a stone.
The stone barely misses you. The ooze hits you.
* * * LOW HITPOINT WARNING * * *
You tentacle-slap the ooze but do no damage.
Your tentacle spike misses the ooze.
The ooze is heavily wounded.
The kobold throws a stone.
The stone barely misses you. The dart slug launches a dart at you.
The slug dart hits you!
You die...

.. .# ################.#
#...#.#...#...#..#
#..#...#..#..#...# .
#.#.....#.#.#....#
....###.......###....###
......J@................
.........###.......###..
........#.#.#.....#.#.#.
#......#K.#..#...#..#..#
.>....# ..#...#.#...#...
....w# ################
#.... #.. ..... #.# #


You could see an ooze, a dart slug and a kobold.

Vanquished Creatures
  A hobgoblin (D:1)
  A goblin (D:1)
  2 rats (D:1)
4 creatures vanquished.

Notes
Turn   | Place    | Note
-------+----------+-------------------------------------------
     0 | D:1      | Fenrir042 the Octopode Transmuter began the quest for the Orb.
     0 | D:1      | Reached XP level 1. HP: 13/13 MP: 3/3
   145 | D:1      | Killed from afar by a dart slug

Vault maps used:
D:1:      dpeg_arrival_stone_temple_mockup, hangedman_decor_diamond_cutter,
          minmay_statues_item, minmay_close_crescents

Action                   || total
-------------------------++-------
Melee: Unarmed           ||    10
       Constrict         ||     1
       Kick              ||     1
       Punch             ||     1
 Cast: Beastly Appendage ||     4
 Stab: Sleeping          ||     1
Dodge: Dodged            ||     5
